 Dungeon Crawl Stone Soup version 0.30-a0-1163-gf69bf04e7a (console) character file.

Game seed: 3476659781631692790

20130 jejorda2 the Impaler (level 12, 0/94 HPs)
             Began as a Merfolk Berserker on Apr 28, 2023.
             Was a High Priest of Trog.
             Slain by a death yak simulacrum (26 damage)
             ... in an ice cave.
             The game lasted 00:29:29 (11950 turns).

jejorda2 the Impaler (Merfolk Berserker)           Turns: 11950, Time: 00:29:29

Health: 0/94       AC: 17    Str: 27    XL:     12   Next: 76%
Magic:  12/12      EV:  8    Int:  5    God:    Trog [*****.]
Gold:   739        SH:  0    Dex: 13    Spells: 11/11 levels left

rFire   . . .        a - +5 halberd
rCold   . . .        (shield currently unavailable)
rNeg    . . .        H - +0 plate armour
rPois   +            n - +0 helmet
rElec   .            t - +0 cloak
rCorr   .            F - +1 pair of gloves
SInv    .            (no boots)
Will    ++++.        i - necklace of Bloodlust {Fury *Rage Will++ Int-3 Slay+6} Stlth
                     q - ring of poison resistance
HPRegen 1.35/turn    w - +6 ring of strength
MPRegen 0.13/turn

%: random rage (50%)
@: strong-willed, on berserk cooldown, regenerating, slowed, very slow
A: (nimble swimmer 2), mertail
a: Renounce Religion, Berserk, Trog's Hand, Brothers in Arms


You were in an ice cave.
You worshipped Trog.
Trog was extremely pleased with you.
You visited 2 branches of the dungeon, and saw 13 of its levels.
You also visited: Sewer and Ice Cave.

You collected 829 gold pieces.
You spent 90 gold pieces at shops.

Inventory:

Hand Weapons
 a - a +5 halberd (weapon)
 K - a +0 glaive
 N - a +2 trident
Missiles
 d - 6 boomerangs (quivered)
 h - 109 stones
 u - 4 atropa-tipped darts
 y - 2 throwing nets
 D - 29 poisoned darts
 G - 4 javelins
 M - 14 silver boomerangs
Armour
 n - a +0 helmet (worn)
 t - a +0 cloak (worn)
 F - a +1 pair of gloves (worn)
 H - a +0 plate armour (worn)
Jewellery
 i - the necklace of Bloodlust (around neck) {Fury *Rage Will++ Int-3 Slay+6}
   (You found it on level 2 of the Dungeon)

   [amulet of nothing]

   Fury:      It extends the wearer's berserk rage when killing foes.
   Int:       It affects your intelligence (-3).
   Slay:      It affects your accuracy & damage with ranged weapons and melee
   (+6).
   *Rage:     It berserks you when you make melee attacks (+50% chance).
   Will:      It greatly increases your willpower.
 q - a ring of poison resistance (left hand)
 w - a +6 ring of strength (right hand)
Wands
 b - a wand of digging (4)
 j - a wand of flame (19)
 v - a wand of roots (20)
Scrolls
 e - 3 scrolls of magic mapping
 k - 10 scrolls of teleportation
 m - a scroll of poison
 p - 2 scrolls of blinking
 A - a scroll of fog
 C - 4 scrolls of fear
 I - a scroll of silence
Potions
 c - 10 potions of curing
 f - 4 potions of cancellation
 g - 2 potions of degeneration {unknown}
 l - 5 potions of might
 o - a potion of experience {unknown}
 r - 3 potions of invisibility
 s - 2 potions of haste {unknown}
 x - 3 potions of heal wounds
 z - a potion of lignification {unknown}
 B - 3 potions of flight
 E - a potion of berserk rage {unknown}
 J - 2 potions of mutation


   Skills:
 + Level 8.4 Fighting
 - Level 20.0 Polearms
 + Level 9.2 Throwing
 - Level 6.0 Armour
 - Level 2.6 Dodging


You had 11 spell levels left.
You didn't know any spells.
Your spell library was empty.

Dungeon Overview and Level Annotations

Branches:
Dungeon (11/15)            Temple (0/1) D:4            Lair (2/5) D:11
  Swamp (0/4) Lair:2        Snake (0/4) Lair:2          Orc (0/2) D:9
  Sewer (visited)           IceCv (1/1)

Altars:
Ashenzari
Hepliaklqana
Okawaru
Sif Muna
Trog
Vehumet
Wu Jian

Shops:
D:5 *   D:6 (   D:9 [

Annotations:
D:9 exclusion: door IceCv 1 transporter


Innate Abilities, Weirdness & Mutations

((You are very nimble when in or above water. (Stealth+, EV+, Speed+++)))
Your lower body shifts to a powerful aquatic tail in water.


Message History

The black mamba is almost dead.
You hear a croak.
The black mamba bites you but does no damage.
You slash the black mamba!
You kill the black mamba!
Trog accepts your kill.
A cane toad comes into view.
The world spins around you as you enter the gateway.
You enter an ice cave!
You feel a strong urge to attack something.
Found 18 gold pieces.
Found an ice covered gate leading back out of this place.
There is an ice choked empty arch of ancient stone here.
Found a scroll of immolation, a runed leather armour and a scroll of fog.
Found 2 potions of heal wounds and a stone.
You feel your anger nearly subside.
You skewer the wolf simulacrum like a kebab!!!
The necklace of Bloodlust glows a violent red.
The wolf simulacrum vaporises!
Trog accepts your kill.
Found a transporter.
You are no longer berserk.
You are exhausted.
You feel yourself slow down.
You puncture the freezing wraith!
The freezing wraith is heavily damaged.
The wolf simulacrum bites you but does no damage.
The freezing wraith hits you. The freezing wraith freezes you!!
The freezing wraith hits you! The freezing wraith drains your vigour!
You feel as though you will be slow longer.
The wolf simulacrum bites you but does no damage.
Your deep troll goes berserk!
The wolf simulacrum bites you but does no damage.
The freezing wraith closely misses you. The freezing wraith barely misses you.
The wolf simulacrum bites you. The wolf simulacrum freezes you!
The freezing wraith hits you but does no damage.
The freezing wraith barely misses you. The death yak simulacrum gores you!
* * * LOW HITPOINT WARNING * * *
The death yak simulacrum freezes you!!
You die...

####
###...####
#........##
..........##
...........##
.!..8.......#
8.?....Z....#
©©[$..W@..∩∩#
8.?...ZZ.T..#
.(..8.......#
...........##
..........##
#........##
###...####
####


You could see a freezing wraith, a wolf simulacrum (ally target), a death yak
simulacrum, a polar bear simulacrum and a friendly deep troll (summoned,
berserk).

Vanquished Creatures
  3 two-headed ogres
  A boulder beetle (D:11)
  The ghost of Maxmaps the Martial Artist, a novice DsMo of Gozag (D:9)
  A deep troll (D:9)
  A wolf spider (Lair:1)
  A moth of wrath (D:9)
  4 cyclopes
  A black mamba (Lair:2)
  A cane toad (Lair:2)
  2 gargoyles (D:11)
  4 komodo dragons
  2 trolls (D:9)
  A meliai (D:11)
  A polar bear (Lair:1)
  4 blink frogs (Lair:2)
  Prince Ribbit (D:7)
  4 shadows
  16 yaks
  A wraith (D:11)
  2 basilisks
  2 vampires
  A wyvern (D:9)
  A steam dragon (D:7)
  4 vampire mosquitoes
  2 water moccasins (Lair:1)
  A black bear (D:4)
  2 ice beasts
  7 orc warriors
  2 ogres
  8 wolves (Lair:1)
  2 centaurs (D:9)
  6 kobold brigands
  3 bullfrogs
  4 scorpions
  2 gnoll sergeants
  18 wights
  An elephant simulacrum (Lair:2)
  5 killer bees (D:7)
  2 howler monkeys (D:10)
  3 hounds
  A gnoll bouda (D:5)
  5 jellies
  3 orc priests
  Crazy Yiuf (D:3)
  2 iguanas
  4 orc wizards
  A wolf simulacrum (IceCv)
  16 gnolls
  7 adders
  2 river rats (Sewer)
  A shadow imp (D:7)
  An ufetubus (D:5)
  5 worms
  2 dart slugs
  28 orcs
  5 bats
  13 endoplasms
  7 giant cockroaches
  2 goblins
  9 hobgoblins
  5 jackals
  36 kobolds
  2 quokkas
  14 ball pythons
  3 frilled lizards
  12 rats
315 creatures vanquished.

Vanquished Creatures (collateral kills)
  A two-headed ogre (D:9)
  An orc warrior (D:9)
  A bullfrog (D:6)
3 creatures vanquished.

Vanquished Creatures (others)
  5 fungi (Lair:1)
  4 plants (D:11)
9 creatures vanquished.

Grand Total: 327 creatures vanquished

Notes
Turn   | Place    | Note
-------+----------+-------------------------------------------
     0 | D:1      | jejorda2 the Merfolk Berserker began the quest for the Orb.
     0 | D:1      | Reached XP level 1. HP: 18/18 MP: 1/1
    90 | D:1      | Reached XP level 2. HP: 15/24 MP: 2/2
   513 | D:2      | Found a faded altar of an unknown god.
   537 | D:2      | Reached skill level 5 in Polearms
   561 | D:2      | Reached XP level 3. HP: 30/30 MP: 3/3
   580 | D:2      | Found the necklace of Bloodlust {Fury *Rage Will++ Int-3
                  | Slay+6}
  1033 | D:2      | Reached ** piety under Trog
  1108 | D:2      | Reached XP level 4. HP: 37/37 MP: 4/4
  1834 | D:3      | Reached skill level 6 in Polearms
  1869 | D:3      | Found a glowing drain.
  1877 | Sewer    | Entered a sewer
  2118 | Sewer    | Reached XP level 5. HP: 43/43 MP: 5/5
  2206 | Sewer    | Found a viscous altar of Jiyva.
  2256 | Sewer    | Reached skill level 7 in Polearms
  2317 | Sewer    | Reached *** piety under Trog
  2432 | D:3      | Found an ornate altar of the Wu Jian Council.
  2435 | D:3      | Found a broken altar of Ashenzari.
  3029 | D:3      | Found a runed translucent door.
  3030 | D:3      | Noticed Crazy Yiuf
  3182 | D:3      | Killed Crazy Yiuf
  3183 | D:3      | Reached XP level 6. HP: 50/50 MP: 6/6
  3334 | D:4      | Noticed a black bear
  3336 | D:4      | Reached skill level 5 in Fighting
  3339 | D:4      | Killed a black bear
  3340 | D:4      | Reached skill level 8 in Polearms
  3390 | D:4      | Reached XP level 7. HP: 56/56 MP: 7/7
  3583 | D:4      | Identified the +9 war axe of the Neverending Stars
                  | {antimagic, Fly rF- rC+ rCorr}
  3653 | D:4      | Found a staircase to the Ecumenical Temple.
  3914 | D:5      | Entered Level 5 of the Dungeon
  3963 | D:5      | Reached skill level 9 in Polearms
  4272 | D:5      | Found a shimmering blue altar of Sif Muna.
  4281 | D:5      | Found a hazy altar of Hepliaklqana.
  4295 | D:5      | Reached XP level 8. HP: 64/64 MP: 8/8
  4372 | D:5      | Found Zopykow's General Store.
  4379 | D:5      | Bought a scroll of fear for 44 gold pieces
  4676 | D:6      | Reached skill level 10 in Polearms
  4793 | D:6      | Reached **** piety under Trog
  4966 | D:6      | Reached skill level 11 in Polearms
  5114 | D:6      | Found Tavitili's Weapon Boutique.
  5119 | D:6      | Bought 4 atropa-tipped darts for 46 gold pieces
  5572 | D:7      | Reached skill level 12 in Polearms
  5572 | D:7      | Reached XP level 9. HP: 69/69 MP: 9/9
  5946 | D:7      | Reached skill level 13 in Polearms
  5956 | D:7      | Noticed Prince Ribbit
  5962 | D:7      | Killed Prince Ribbit
  6391 | D:8      | Reached skill level 5 in Armour
  6906 | D:8      | Reached skill level 14 in Polearms
  7230 | D:8      | Reached skill level 1 in Throwing
  7233 | D:8      | Reached XP level 10. HP: 76/76 MP: 10/10
  7587 | D:9      | Found a radiant altar of Vehumet.
  7590 | D:9      | Reached skill level 15 in Polearms
  7663 | D:9      | Noticed a cyclops
  7664 | D:9      | Found a large runed translucent door.
  7665 | D:9      | Found a large runed translucent door.
  7686 | D:9      | Noticed a two-headed ogre
  7693 | D:9      | Noticed a two-headed ogre
  7785 | D:9      | Found a staircase to the Orcish Mines.
  7927 | D:9      | Found Esmukez's Armour Shoppe.
  8113 | D:9      | Reached ***** piety under Trog
  8415 | D:9      | Noticed Maxmaps's ghost (novice DsMo)
  8417 | D:9      | Found a bloodstained altar of Trog.
  8441 | D:9      | Noticed a moth of wrath
  8447 | D:9      | Found a transporter.
  8450 | D:9      | Found a transporter.
  8450 | D:9      | Noticed a two-headed ogre
  8456 | D:9      | Reached skill level 16 in Polearms
  8456 | D:9      | Noticed a deep troll
  8700 | D:9      | Found an iron altar of Okawaru.
  8700 | D:9      | Found an iron altar of Okawaru.
  8712 | D:9      | Killed a two-headed ogre
  8713 | D:9      | Reached skill level 5 in Throwing
  8713 | D:9      | Reached XP level 11. HP: 74/81 MP: 11/11
  8714 | D:9      | Killed a cyclops
  8720 | D:9      | Killed a two-headed ogre
  8721 | D:9      | Reached skill level 17 in Polearms
  8831 | D:9      | Killed a moth of wrath
  8835 | D:9      | Killed a two-headed ogre
  8842 | D:9      | Killed a deep troll
  8846 | D:9      | Killed Maxmaps's ghost
  8898 | D:10     | Entered Level 10 of the Dungeon
  8909 | D:10     | Reached skill level 18 in Polearms
  9112 | D:10     | Noticed a two-headed ogre
  9116 | D:10     | Killed a two-headed ogre
  9670 | D:11     | Noticed a cyclops
  9680 | D:11     | Killed a cyclops
  9933 | D:11     | Found a staircase to the Lair.
  9952 | D:11     | Reached skill level 19 in Polearms
 10224 | D:11     | Noticed a cyclops
 10230 | D:11     | Killed a cyclops
 10231 | D:11     | Reached XP level 12. HP: 88/88 MP: 12/12
 10525 | D:11     | Noticed a boulder beetle
 10534 | D:11     | Killed a boulder beetle
 10534 | D:11     | Received a gift from Trog
 11210 | Lair:1   | Entered Level 1 of the Lair of Beasts
 11484 | Lair:1   | Reached skill level 20 in Polearms
 11854 | Lair:1   | You fall into a shaft and drop 1 floor!
 11924 | Lair:2   | Found a frozen archway.
 11944 | IceCv    | Entered an ice cave
 11948 | IceCv    | Found a transporter.
 11950 | IceCv    | Slain by a death yak simulacrum

Illustrated notes

Levels and vault maps discovered:
D:1:      pf_arrival_petrified_forest, layout_rooms
D:2:      layout_basic, nicolae_ecumenical_oubliette
D:3:      layout_basic, gammafunk_temple_overflow_pools, portal_sewer_entry_e,
          uniq_crazy_yiuf_cottage
D:4:      layout_rooms, temple_doors_e
D:5:      layout_basic, mainiacjoe_overflow_catwalk_spiral, serial_shops, shop
D:6:      layout_basic, serial_shops, shop
D:7:      layout_cave_pools, uniq_prince_ribbit1
D:8:      layout_basic
D:9:      okawaru_arena_lexackson, layout_gridville, old_standard_altar,
          david_orc_2, gammafunk_ghost_wrathful_warriors, serial_shops, shop
D:10:     layout_rooms
D:11:     minmay_bubble_buster, layout_basic, david_lair_shrubbed,
          minmay_unpleasant_kobolds
Lair:1:   layout_chaotic_city, nicolae_lair_run_with_the_wolves,
          grunt_megastairs_2, lemuel_fruit_tree
Lair:2:   layout_long_grid, minmay_swamp_entry_reptiles, dummy_snake_entry,
          portal_ice_cave_entry_ice_simulacra
IceCv:    ice_cave_statue_garden_transporter

Skill      XL: |  1  2  3  4  5  6  7  8  9 10 11 12 |
---------------+-------------------------------------+-----
Polearms       | 5 6 7 8 9 12 14 16 19 20 | 20.0
Fighting       | 4 5 6 8 |  8.4
Armour         | 2 4 5 6 |  6.0
Throwing       | 1 5 7 9 |  9.2
Dodging        | |  2.6

Action                     |  1- 3 |  4- 6 |  7- 9 | 10-12 || total
---------------------------+-------+-------+-------+-------++-------
  Melee: Spear             |   100 |    83 |       |       ||   183
         Punch             |     1 |       |       |       ||     1
         Halberd           |       |    33 |   231 |   304 ||   568
  Throw: Stone             |       |       |     5 |    19 ||    24
         Dart              |       |       |       |    14 ||    14
         Boomerang         |       |       |       |     3 ||     3
 Invoke: Berserk           |     1 |       |       |     1 ||     2
         Trog's Hand       |       |       |       |     3 ||     3
         Brothers in Arms  |       |       |       |     2 ||     2
  Evoke: Wand              |       |       |       |     1 ||     1
    Use: Scroll            |       |     8 |     5 |     9 ||    22
 Armour: Ring mail         |     4 |       |       |       ||     4
         Animal skin       |     2 |       |       |       ||     2
         Scale mail        |     8 |       |       |       ||     8
         Chain mail        |     2 |    27 |    69 |       ||    98
         Plate armour      |       |       |    21 |    59 ||    80
  Dodge: Dodged            |    30 |    35 |    73 |    51 ||   189

Table legend: (Time is in decaauts)
 A = Elapsed time spent in this place.
 B = Non-inter-level travel time spent in this place.
 C = Inter-level travel time spent in this place.
 D = Time resting spent in this place.
 E = Time spent auto-exploring this place.
 F = Levels seen in this place.
 G = Mean time per level.
                   A        B        C        D        E       F      G
               +--------+--------+--------+--------+--------+-----+--------+
         Total |  12664 |  11930 |    734 |   3675 |   6463 |  15 |  844.3 |
       Dungeon |  11391 |  10682 |    709 |   3155 |   5990 |  11 | 1035.5 |
          Lair |    739 |    715 |     24 |    189 |    390 |   2 |  369.5 |
         Sewer |    529 |    529 |      0 |    330 |     82 |   1 |  529.0 |
      Ice Cave |      4 |      4 |      0 |      0 |      0 |   1 |    4.0 |
               +--------+--------+--------+--------+--------+-----+--------+

Top non-repeatable levels by time:
    D:11: 1784 daAuts
     D:9: 1523 daAuts
     D:3: 1280 daAuts
     D:8: 1242 daAuts
     D:2: 1184 daAuts
     D:6: 910 daAuts
     D:7: 851 daAuts
     D:5: 792 daAuts
  Lair:1: 648 daAuts
     D:4: 641 daAuts
    D:10: 628 daAuts
     D:1: 550 daAuts
   Sewer: 529 daAuts
  Lair:2: 91 daAuts
   IceCv: 4 daAuts
